Map: Pylon LE

Players

Lunarius

  • Race: Zerg Zerg
  • League: Diamond
  • Spawn Location: 11:00

ManlyManMeat - Winner!

  • Race: Zerg Zerg
  • League: Diamond
  • Spawn Location: 5:00

VOD

Have the link to the VOD?

Description

Time

  • Played on: July 5, 2025, 6:04 a.m.
  • Length: 5:55
Show
View Real Time Build Order
Export as new Build Order

Lunarius Zerg 

Build Orders: Pool First 

Get SALT Encoding   

  12  0:02  Drone  
  13  0:14  Drone  
  14  0:24  Overlord  
  14  0:27  Extractor  
  13  0:38  Spawning Pool  
  13  0:42  Drone  
  13  0:54  Drone x3  
  16  1:21  Drone x2  
  16  1:24  Queen  
  20  1:34  Metabolic Boost  
  20  1:49  Hatchery  
  19  2:07  Overlord  
  19  2:11  Zergling x4  
  21  2:20  Zergling x2  
  22  2:29  Overlord  
  22  2:38  Baneling Nest, Zergling x6  
  24  2:48  Zergling x2  
  25  2:56  Overlord  
  25  3:02  Zergling x2  
  26  3:07  Zergling x2  
  26  3:11  Queen  
  29  3:13  Drone  
  29  3:19  Zergling x2  
  31  3:23  Zergling x2  
  31  3:24  Baneling x2  
  32  3:30  Drone  
  34  3:34  Zergling x2  
  34  3:38  Baneling  
  34  3:43  Zergling x2  
  34  3:44  Zergling x2  
  34  3:45  Zergling x6  
  30  4:02  Baneling x3  
  30  4:06  Zergling x4  
  30  4:07  Zergling x4  
  32  4:14  Zergling x2  
  34  4:17  Drone  
  34  4:19  Extractor  
  32  4:25  Zergling x2  
  32  4:29  Drone  
  32  4:38  Drone x2  
  31  4:41  Roach Warren  
  31  4:42  Zergling x8  
  32  4:47  Zergling x2  
  32  4:52  Zergling x2  
  34  5:01  Baneling x2  
  34  5:07  Drone x3  
  34  5:10  Drone  
  38  5:14  Drone  
  39  5:24  Zergling x6  
  42  5:30  Zergling x4  
  41  5:36  Zergling x2  
  41  5:38  Zergling x2  
Show
View Real Time Build Order
Export as new Build Order

ManlyManMeat Zerg - Winner!

Build Orders: Hatch First, Zergling Baneling 

Get SALT Encoding   

  12  0:00  Drone  
  13  0:08  Drone  
  14  0:15  Drone, Extractor  
  15  0:23  Overlord  
  15  0:43  Drone  
  15  0:47  Hatchery  
  15  0:50  Drone  
  15  0:54  Drone  
  17  0:58  Drone  
  18  1:04  Extractor  
  17  1:14  Spawning Pool  
  17  1:17  Drone  
  17  1:20  Drone  
  18  1:26  Drone  
  19  1:38  Drone  
  20  2:04  Queen x2  
  20  2:05  Zergling x4  
  20  2:06  Zergling x2  
  27  2:12  Overlord  
  27  2:15  Zergling x2  
  27  2:18  Metabolic Boost  
  28  2:27  Spine Crawler  
  28  2:28  Zergling x2  
  28  2:30  Zergling x2  
  28  2:34  Zergling x2  
  30  2:37  Zergling x2  
  31  2:49  Baneling Nest  
  31  2:51  Drone  
  31  3:01  Drone x3  
  31  3:03  Overlord  
  33  3:07  Zergling x2  
  34  3:19  Zergling x2  
  35  3:20  Overlord  
  35  3:27  Zergling x6  
  38  3:38  Baneling x2  
  38  3:39  Baneling  
  38  3:40  Zergling x8  
  32  3:58  Zergling x14  
  39  4:15  Zergling x6  
  41  4:18  Baneling x2  
  41  4:19  Baneling x3  
  40  4:31  Zergling x14  
  41  4:40  Zergling x4  
  43  4:45  Zergling x2  
  43  4:46  Zergling x2  
  45  4:58  Zergling x8, Baneling x3  
  49  5:14  Zergling x6  
  49  5:15  Overlord x2  
  49  5:38  Zergling x8  
Tags
 
Matchup
ZvZ
Race
Zerg
Replay Pack
Myownreplay2
Spawn Locations
Cross Positions
Add a new tag
Caveats
  • Supply blocks, unpowered buildings, or Contaminate may cause inaccurate times.
  • Supply counts are checked every 10 seconds.